 Dungeon Crawl Stone Soup version 0.25-a0-190-g27fffb8c76 (console) character file.

Game seed: 6354764433185933383, levelgen mode: deterministic

2282 Kagalorn the Covert (level 9, -4/39 HPs)
             Began as a Spriggan Enchanter on Nov 29, 2019.
             Slain by an orc
             ... wielding a +0 trident
              (7 damage)
             ... on level 7 of the Dungeon on Nov 30, 2019.
             The game lasted 00:22:48 (5930 turns).

Kagalorn the Covert (Spriggan Enchanter)            Turns: 5930, Time: 00:22:49

Health: -4/39      AC:  3    Str:  4    XL:     9   Next: 16%
Magic:  10/24      EV: 19    Int: 20    God:
Gold:   251        SH:  0    Dex: 16    Spells: 21/28 levels left

rFire    . . .     SeeInvis +   a - +2 dagger (venom)
rCold    . . .     Gourm    .   (shield restricted)
rNeg     . . .     Faith    .   b - +0 robe
rPois    .         Spirit   .   (helmet restricted)
rElec    .         Reflect  .   s - scarf {cloud immunity}
rCorr    .         Harm     .   (gloves unavailable)
MR       +....                  (boots unavailable)
Stlth    +++++.....             (no amulet)
HPRegen  0.13/turn              e - +1 ring of protection
MPRegen  0.19/turn              (no ring)

@: very quick
A: very small, unfitting armour, see invisible, herbivore, speed 3, slow
metabolism 2
a: no special abilities


You were on level 7 of the Dungeon.
You were hungry.

You visited 1 branch of the dungeon, and saw 7 of its levels.

You collected 251 gold pieces.

Inventory:

Hand Weapons
 a - a +2 dagger of venom (weapon)
 d - a +4 short sword
 n - a +0 rapier
 o - a +1 shortbow of freezing
Missiles
 f - 96 arrows
 j - 128 stones
 p - 5 datura-tipped darts
 r - 66 bolts
 u - 2 throwing nets
 v - 31 sling bullets
 x - 2 curare-tipped darts
 z - 20 poisoned darts (quivered)
Armour
 b - a +0 robe (worn)
 s - a scarf of cloud immunity (worn)
Jewellery
 e - a +1 ring of protection (left hand)
Wands
 c - a wand of iceblast (13)
 E - a wand of paralysis (7)
Scrolls
 g - 3 scrolls of enchant weapon
 i - a scroll of random uselessness {unknown}
 k - 2 scrolls of immolation {unknown}
 y - a scroll of fear {unknown}
 A - a scroll of fog {unknown}
 C - a scroll of blinking {unknown}
 G - a scroll of amnesia {unknown}
 H - a scroll of teleportation {unknown}
 I - a scroll of remove curse {unknown}
 J - a scroll of noise {unknown}
 L - a scroll of enchant armour {unknown}
Potions
 h - 3 potions of flight
 l - a potion of lignification
 m - a potion of might
 q - a potion of haste
 w - 2 potions of heal wounds {unknown}
 B - 2 potions of ambrosia {unknown}
 D - 2 potions of curing
 F - a potion of mutation {unknown}
 K - a potion of agility {unknown}
Comestibles
 t - 10 rations


   Skills:
 + Level 3.9 Short Blades
 + Level 4.3 Dodging
 - Level 12.0 Stealth
 - Level 10.1 Spellcasting
 - Level 5.0 Hexes
 - Level 1.0 Ice Magic


You had 21 spell levels left.
You knew the following spells:

 Your Spells              Type           Power        Failure   Level  Hunger
a - Ensorcelled Hibernat  Hex/Ice        ###...       3%          2    None
b - Confuse               Hex            ####....     2%          3    None
c - Confusing Touch       Hex            ####..       1%          1    None
p - Corona                Hex            ####...      1%          1    None

Your spell library contained the following spells:

 Spells                   Type           Power        Failure   Level  Hunger
 Tukima's Dance           Hex            ####....     2%          3    None
 Animate Skeleton         Necr           N/A          7%          1    None
 Apportation              Tloc           ##....       7%          1    None
 Beastly Appendage        Tmut           ##....       7%          1    None
 Summon Small Mammal      Summ           ##..         7%          1    None
 Dazzling Spray           Conj/Hex       ###...       8%          3    None
 Sticks to Snakes         Tmut           ##......     11%         2    None
 Gell's Gravitas          Tloc           ##........   21%         3    None
 Spider Form              Tmut/Pois      ##........   21%         3    None
 Ice Form                 Ice/Tmut       ##......     50%         4    ##.....
 Metabolic Englaciation   Hex/Ice        ###.......   50%         5    ####...
 Petrify                  Tmut/Erth      ##......     56%         4    ##.....
 Yara's Violent Unravell  Hex/Tmut       ###.......   56%         5    ####...
 Blade Hands              Tmut           ##........   88%         5    ####...


Dungeon Overview and Level Annotations

Branches:
Dungeon (7/15)
 Temple: D:4-7

Altars:
The Shining One

Shops:
D:6 (


Innate Abilities, Weirdness & Mutations

You are very small and have problems with some larger weapons.
You are too small for most types of armour.
You have supernaturally acute eyesight. (SInv)
You are a herbivore.
You cover ground extremely quickly.
You need to consume almost no food.


Message History

Confirm with . or Enter, or press ? or * to list all spells.
Aiming: Ensorcelled Hibernation (safe; 3% risk of failure)
Press: ? - help, Shift-Dir - straight line, f - orc
Aim: an orc, wearing a +0 ring mail (chance to defeat MR: 69%)
The orc struggles to resist.
The orc misses you. The orc barely misses you.
Press: ? - help, v - describe, . - travel, g - get item
Here: an orc, wearing a +0 ring mail A +0 leather armour.
There is something else lying underneath.
The floor, spattered with blood.
Casting: Ensorcelled Hibernation (safe; 3% risk of failure)
Confirm with . or Enter, or press ? or * to list all spells.
Aiming: Ensorcelled Hibernation (safe; 3% risk of failure)
Press: ? - help, Shift-Dir - straight line, f/p - orc
Aim: an orc, wearing a +0 ring mail (chance to defeat MR: 69%)
The orc looks drowsy...
The orc hits you from afar with a +0 trident.
* * * LOW HITPOINT WARNING * * *
The orc hits you from afar with a +0 trident!
You die...

....# #...# #...#
#.. #...# #..#
#.o.# #..# #...#
#..# ##oo# ..#
#o## #.# #@#
#.#####>########.#
#[...............#
######.##########
#.# #.# #.# #.#
####.#


You could see 4 orcs.

Vanquished Creatures
  Pikel (D:4)
  Eustachio (D:6)
  An orc warrior (D:6)
  2 phantoms
  2 ice beasts
  An ogre (D:6)
  A centaur (D:6)
  A big kobold (D:6)
  2 scorpions
  A howler monkey (D:5)
  A crimson imp (D:7)
  3 hounds
  A quasit (D:5)
  2 orc priests (D:3)
  A gnoll shaman (D:4)
  Ijyb (D:5)
  6 orc wizards
  3 worker ants
  A killer bee zombie (D:6)
  A hound skeleton (D:2)
  Robin (D:4)
  12 gnolls
  5 adders
  An ooze (D:1)
  4 worms
  3 dart slugs
  5 leopard geckos
  34 orcs
  2 giant cockroaches
  17 goblins
  9 hobgoblins
  9 kobolds
  A quokka (D:5)
  A ball python (D:3)
  7 bats
  A frilled lizard (D:2)
  A jackal zombie (D:7)
  A leopard gecko zombie (D:6)
  A quokka skeleton (D:5)
  13 rats
161 creatures vanquished.

Notes
Turn   | Place    | Note
-------+----------+-------------------------------------------
     0 | D:1      | Kagalorn the Spriggan Enchanter began the quest for the
                  | Orb.
     0 | D:1      | Reached XP level 1. HP: 9/9 MP: 5/5
    61 | D:1      | Reached XP level 2. HP: 6/13 MP: 6/6
    74 | D:1      | Found a glowing golden altar of the Shining One.
   228 | D:1      | Learned a level 2 spell: Ensorcelled Hibernation
   717 | D:2      | Reached XP level 3. HP: 16/16 MP: 2/9
   898 | D:2      | Reached skill level 5 in Hexes
   985 | D:2      | Learned a level 3 spell: Confuse
   991 | D:2      | Reached XP level 4. HP: 9/21 MP: 3/11
  1979 | D:3      | Reached skill level 5 in Stealth
  1979 | D:3      | Reached skill level 1 in Ice Magic
  1979 | D:3      | Reached XP level 5. HP: 18/24 MP: 4/13
  1981 | D:3      | Reached skill level 5 in Spellcasting
  2544 | D:3      | Reached skill level 6 in Stealth
  2671 | D:3      | Reached XP level 6. HP: 4/28 MP: 2/15
  2817 | D:3      | Learned a level 1 spell: Confusing Touch
  3199 | D:4      | Reached skill level 7 in Stealth
  3375 | D:4      | Reached XP level 7. HP: 18/32 MP: 16/18
  3430 | D:4      | Noticed Robin
  3704 | D:4      | Noticed Pikel
  3788 | D:4      | Killed Robin
  3906 | D:4      | Killed Pikel
  3906 | D:4      | Reached skill level 9 in Stealth
  3906 | D:4      | Reached XP level 8. HP: 16/36 MP: 15/21
  4356 | D:4      | You fall into a shaft and drop 1 floor!
  4356 | D:5      | Entered Level 5 of the Dungeon
  4416 | D:5      | Reached skill level 10 in Stealth
  4902 | D:5      | Noticed Ijyb
  4920 | D:5      | Killed Ijyb
  5095 | D:6      | Upgraded the game from 0.25-a0-189-gf71692caf1 to
                  | 0.25-a0-190-g27fffb8c76
  5159 | D:6      | Reached skill level 11 in Stealth
  5192 | D:6      | Noticed Eustachio
  5200 | D:6      | Killed Eustachio
  5200 | D:6      | Reached skill level 10 in Spellcasting
  5485 | D:6      | Reached XP level 9. HP: 39/39 MP: 21/24
  5545 | D:6      | Reached skill level 12 in Stealth
  5581 | D:6      | Found Cyle's Antique Weapon Shop.
  5930 | D:7      | Slain by an orc

Levels and vault maps discovered:
D:1:      ncdulo_halloftheorcs, layout_loops_ring, tso_metal_star
D:2:      layout_rooms
D:3:      layout_basic, kennysheep_nondescript, minmay_tree_intersection,
          fountainhead, serial_bayou_pond_b
D:4:      layout_basic, first_ration, uniq_pikel, uniq_robin
D:5:      layout_basic, uniq_ijyb
D:6:      layout_loops_ring, serial_shops, shop_statue, uniq_eustachio
D:7:      black_bear_nest_2, layout_loops_ring, minmay_temple_entry_statues,
          enter_bailey_8, uniq_crazy_yiuf_cottage

Skill      XL: |  1  2  3  4  5  6  7  8  9 |
---------------+----------------------------+-----
Hexes          | 4 5 |  5.0
Spellcasting   | 3 4 5 7 8 10 | 10.1
Stealth        | 5 6 7 9 11 12 | 12.0
Ice Magic      | 1 |  1.0
Short Blades   | 2 3 |  3.9
Dodging        | 4 |  4.3

Action                   |  1- 3 |  4- 6 |  7- 9 || total
-------------------------+-------+-------+-------++-------
Melee: Dagger            |    81 |    97 |   195 ||   373
       Short sword       |       |    78 |       ||    78
 Cast: Ensorcelled Hiber |    12 |    69 |    33 ||   114
       Confuse           |     2 |     3 |     3 ||     8
       Confusing Touch   |       |     8 |    11 ||    19
  Use: Scroll            |       |       |     6 ||     6
 Stab: Sleeping          |    18 |    46 |    26 ||    90
       Distracted        |     1 |       |     1 ||     2
       Confused          |     1 |     2 |    12 ||    15
  Eat: Ration            |       |     1 |     1 ||     2
Armor: Robe              |     6 |     9 |    14 ||    29
Dodge: Dodged            |    50 |   161 |   154 ||   365

Table legend:
 A = Non-vault XP
 B = Vault XP
 C = Vault XP percentage of total XP
 D = Non-vault monster count
 E = Vault monster count
 F = Vault count percentage of total count
                 A         B        C        D         E       F
            +---------+---------+-------+---------+---------+-------
      Total |    2328 |     933 |  28.6 |     141 |      20 |  12.4
            +---------+---------+-------+---------+---------+-------
        D:1 |      30 |       0 |   0.0 |      15 |       0 |   0.0
        D:2 |      79 |       0 |   0.0 |      16 |       0 |   0.0
        D:3 |     336 |       8 |   2.3 |      51 |       4 |   7.3
        D:4 |     383 |     679 |  63.9 |      20 |      14 |  41.2
        D:5 |     409 |      35 |   7.9 |       9 |       1 |  10.0
        D:6 |    1031 |     211 |  17.0 |      25 |       1 |   3.8
        D:7 |      60 |       0 |   0.0 |       5 |       0 |   0.0
            +---------+---------+-------+---------+---------+-------
